Whale vs Aeros

Created - Friday, November 28, 2014 at 23:53

Goals
1 2 3 T
Whale 0 1 0 1
Aeros 1 2 0 3
Shots
1 2 3 T
Whale 6 7 14 27
Aeros 21 7 10 38

1st period

1. Aeros , Shane O'Brien 14 (Craig Cunningham, Danny Hobbs) at 6:50 (PP)

Penalties :
Cam Janssen (HOU) for Fighting (Major) at 5:04, Mike Moore (CON) for Fighting (Major) at 5:04, Chris McKelvie (CON) for Interference (Minor) at 5:50, Matthew Pistilli (HOU) for Fighting (Major) at 7:32, Justin Falk (CON) for Fighting (Major) at 7:32, Ilari Melart (HOU) for Fighting (Major) at 10:36, Nick Tarnasky (CON) for Fighting (Major) at 10:36, Cam Janssen (HOU) for Fighting (Major) at 11:04, Jay Rosehill (CON) for Fighting (Major) at 11:04, Jay Rosehill (CON) for instigated a fight (Minor) at 11:04, Jay Rosehill (CON) for instigated a fight (10 Minutes Misconduct) at 11:04

2nd period

2. Whale , Jon Sim 4 (Taylor Chorney) at 9:17
3. Aeros , Cam Janssen 21 (Craig Cunningham, Alex Friesen) at 12:19
4. Aeros , Andrew Gordon 6 (Unassisted) at 19:26

Penalties :
Ilari Melart (HOU) for Fighting (Major) at 1:20, Mike Moore (CON) for Fighting (Major) at 1:20, Jay Rosehill (CON) for Hooking (Minor) at 15:39

3rd period

No Goal

Penalties :
Matthew Pistilli (HOU) for Fighting (Major) at 4:31, Nick Tarnasky (CON) for Fighting (Major) at 4:31, Matthew Pistilli (HOU) for Fighting (Major / Game Misconduct) at 15:35, Jay Rosehill (CON) for Fighting (Major) at 15:35, Colin Stuart (HOU) for Kneeing (Major) at 16:47

Goalie Stats

Dustin Tokarski (CON), 35 saves from 38 shots - (0.921), L, 0-1-2, 60:00 minutes
Harri Sateri (HOU), 26 saves from 27 shots - (0.963), W, 2-2-0, 60:00 minutes

Players Stats for Whale

Player Name              G  A  P  +/- PIM S  H  SB GA TA FO     MP     PP MP  PK MP  
------------------------------------------------------------------------------------
Brendan Ranford          0  0  0  -1  0   4  1  0  3  1  2/6    19:17   0:00   0:00 
Brennan Evans            0  0  0   0  0   0  0  0  0  0  0/0     0:00   0:00   0:00 
Brent Regner             0  0  0   0  0   1  1  0  0  2  0/0    20:06   0:00   3:47 
Chris McKelvie           0  0  0   0  2   1  0  0  0  2  9/12   16:50   0:00   0:23 
Colin Fraser             0  0  0   0  0   0  2  2  0  0  7/14   12:24   0:00   2:19 
Dallas Jackson           0  0  0   0  0   1  2  2  0  0  0/0    19:08   0:00   1:11 
Denis Grebeshkov         0  0  0  -1  0   0  1  3  1  1  0/0    18:47   0:00   0:00 
Derek Nesbitt            0  0  0   0  0   0  3  0  0  0  0/1     9:52   0:00   0:00 
James Livingston         0  0  0   0  0   0  1  0  0  0  0/0    16:43   0:00   1:46 
Jay Rosehill             0  0  0  -1  24  3  0  0  1  0  1/3     6:45   0:00   0:00 
Jon Sim                  1  0  1   1  0   3  0  0  3  1  0/0    16:29   0:00   0:00 
Justin Falk              0  0  0  -1  5   5  1  3  0  4  0/0    23:25   0:00   2:05 
Kelly Zajac              0  0  0   1  0   4  0  2  0  0  6/14   16:29   0:00   0:00 
Mike Hedden              0  0  0   1  0   1  1  1  4  0  0/0    20:03   0:00   1:52 
Mike Moore               0  0  0   0  10  0  2  1  0  0  0/0    15:30   0:00   1:59 
Nick Tarnasky            0  0  0  -2  10  1  0  0  3  2  1/2    15:10   0:00   0:00 
Radek Dvorak             0  0  0  -2  0   2  2  1  1  1  3/15   24:51   0:00   3:36 
Taylor Chorney           0  1  1   0  0   1  2  1  1  1  0/0    23:16   0:00   1:11 

Players Stats for Aeros

Player Name              G  A  P  +/- PIM S  H  SB GA TA FO     MP     PP MP  PK MP  
------------------------------------------------------------------------------------
Alex Friesen             0  1  1   1  0   2  0  0  0  1  7/13   18:01   0:00   0:00 
Andrew Gordon            1  0  1   0  0   4  1  2  4  0  0/0    24:13   2:37   0:00 
Bretton Stamler          0  0  0   1  0   0  3  2  0  0  0/0    17:11   0:00   0:00 
Cam Janssen              1  0  1   1  10  5  2  0  2  1  0/1    16:46   0:55   0:00 
Colin Stuart             0  0  0   0  5   4  0  0  4  0  0/0    14:43   0:00   0:00 
Craig Cunningham         0  2  2   1  0   2  1  1  2  1  1/1    20:22   2:21   0:00 
Danny Hobbs              0  1  1   0  0   2  3  0  1  0  13/23  17:45   2:21   0:00 
Ilari Melart             0  0  0   0  10  0  0  3  0  0  0/0     9:48   0:00   0:00 
Jason Zucker             0  0  0  -1  0   4  3  0  7  0  1/4    18:05   2:37   0:00 
Joel Chouinard           0  0  0   0  0   0  0  0  0  0  0/0    16:41   1:32   0:00 
Jon Landry               0  0  0   1  0   0  2  3  0  0  0/0    23:56   3:26   0:00 
Matthew Pistilli         0  0  0   0  25  0  2  1  1  1  0/0    12:31   0:26   0:00 
Mike Matczak             0  0  0  -1  0   0  1  0  0  0  0/0     6:21   0:00   0:00 
Mike Ullrich             0  0  0   1  0   0  1  0  1  0  2/3     7:11   0:00   0:00 
Patrick Wey              0  0  0   1  0   1  1  2  0  0  0/0    19:52   1:32   0:00 
Scott Campbell           0  0  0   1  0   2  1  1  0  0  1/1    13:12   1:00   0:00 
Shane O'Brien            1  0  1  -1  0   11 1  4  1  1  0/0    26:06   3:26   0:00 
Warren Peters            0  0  0  -1  0   1  0  0  0  0  13/21  17:02   2:37   0:00 

3 Stars

1 - Harri Sateri (HOU)
2 - Craig Cunningham (HOU)
3 - Jon Sim (CON)

Power Play

Whale - 0 on 2 Attempt(s) - 0.00%
Aeros - 1 on 3 Attempt(s) - 33.33%

Penalty Kill

Whale - 2 on 3 Attempt(s) - 66.67% - Score 0 goal in Penalty Kill
Aeros - 2 on 2 Attempt(s) - 100.00% - Score 0 goal in Penalty Kill

Official

Referees : Unknown
Linesman : Unknown

Game Notes

Cam Janssen and Mike Moore fight to a draw at 5:04 of 1st period
Matthew Pistilli beats up Justin Falk at 7:32 of 1st period
Ilari Melart and Nick Tarnasky fight to a draw at 10:36 of 1st period
Cam Janssen beats up Jay Rosehill at 11:04 of 1st period
Ilari Melart and Mike Moore fight to a draw at 1:20 of 2nd period
Colin Fraser is injured at 11:20 of 2nd period (Left Leg)
19:26 of 2nd period - Penalty Shot by Andrew Gordon for Aeros - Goal!
Matthew Pistilli beats up Nick Tarnasky at 4:31 of 3rd period
Jay Rosehill beats up Matthew Pistilli at 15:35 of 3rd period
Matthew Pistilli ejected from game at 15:35 of 3rd period

Finance

Level 1 -- Attendance: 1509 (75.45%) -- Ticket Income $52,815
Level 2 -- Attendance: 776 (77.60%) -- Ticket Income $11,640
Total Attendance: 2285 (76.17%)
Total Ticket Income: $64,455
Other Income: $31,583
Total Income: $96,038

Whale

5 vs 5 Forward 
   Center                   Left Wing                Right Wing               Time % Phy DF OF 
 1 Colin Fraser             Nick Tarnasky            Radek Dvorak             35     1   2  2  
 2 Kelly Zajac              Mike Hedden              Jon Sim                  30     1   2  2  
 3 Chris McKelvie           Brendan Ranford          James Livingston         22     1   2  2  
 4 Radek Dvorak             Jay Rosehill             Derek Nesbitt            13     1   2  2  

5 vs 5 Defense 
   Defense                  Defense                                           Time % Phy DF OF 
 1 Justin Falk              Denis Grebeshkov                                  35     1   2  2  
 2 Taylor Chorney           Dallas Jackson                                    30     1   2  2  
 3 Brent Regner             Mike Moore                                        22     1   2  2  
 4 Taylor Chorney           Justin Falk                                       13     1   2  2  

PowerPlay Forward 
   Center                   Left Wing                Right Wing               Time % Phy DF OF 
 1 Colin Fraser             Nick Tarnasky            Radek Dvorak             60     1   2  2  
 2 Kelly Zajac              Mike Hedden              Jon Sim                  40     1   2  2  

PowerPlay Defense
   Defense                  Defense                                           Time % Phy DF OF 
 1 Justin Falk              Denis Grebeshkov                                  60     1   2  2  
 2 Taylor Chorney           Dallas Jackson                                    40     1   2  2  

Penalty Kill 4 Players Forward 
   Center                   Wing                     Time % Phy DF OF 
 1 Radek Dvorak             Colin Fraser             60     1   2  2  
 2 Nick Tarnasky            Mike Hedden              40     1   2  2  

Penalty Kill 4 Players Defense
   Defense                  Defense                  Time % Phy DF OF 
 1 Justin Falk              Brent Regner             60     1   2  2  
 2 Taylor Chorney           Dallas Jackson           40     1   2  2  

Penalty Kill - 3 Players Forward 
   Forward                                           Time % Phy DF OF 
 1 Radek Dvorak                                      60     1   2  2  
 2 Colin Fraser                                      40     1   2  2  

Penalty Kill - 3 Players Defense
   Defense                  Defense                  Time % Phy DF OF 
 1 Justin Falk              Denis Grebeshkov         60     1   2  2  
 2 Taylor Chorney           Dallas Jackson           40     1   2  2  

4 vs 4 Forward 
   Center                   Wing                     Time % Phy DF OF 
 1 Radek Dvorak             Colin Fraser             60     1   2  2  
 2 Nick Tarnasky            Mike Hedden              40     1   2  2  

4 vs 4 Defense
   Defense                  Defense                  Time % Phy DF OF 
 1 Justin Falk              Mike Moore               60     1   2  2  
 2 Taylor Chorney           Dallas Jackson           40     1   2  2  

Last Minutes Offensive
   Center                   Left Wing                Right Wing               Defense                  Defense                  
   Colin Fraser             Nick Tarnasky            Radek Dvorak             Justin Falk              Denis Grebeshkov         

Last Minutes Defensive
   Center                   Left Wing                Right Wing               Defense                  Defense                  
   Colin Fraser             Nick Tarnasky            Radek Dvorak             Justin Falk              Denis Grebeshkov         

Goaltenders
Starting : Dustin Tokarski          
Backup : Tomas Vokoun             

Extra Forwards
Normal : Brendan Ranford, Jay Rosehill, James Livingston - PP : Brendan Ranford, Jay Rosehill - PK : James Livingston
Extra Defensemen
Normal : Brent Regner, Mike Moore, Justin Falk - PP : Brent Regner - PK : Mike Moore, Justin Falk
Penalty Shots
Radek Dvorak, Colin Fraser, Nick Tarnasky, Mike Hedden, Kelly Zajac

Aeros

5 vs 5 Forward 
   Center                   Left Wing                Right Wing               Time % Phy DF OF 
 1 Warren Peters            Jason Zucker             Andrew Gordon            35     1   2  2  
 2 Alex Friesen             Craig Cunningham         Cam Janssen              30     1   2  2  
 3 Danny Hobbs              Colin Stuart             Matthew Pistilli         22     1   2  2  
 4 Mike Ullrich             Scott Campbell           Andrew Gordon            13     1   2  2  

5 vs 5 Defense 
   Defense                  Defense                                           Time % Phy DF OF 
 1 Shane O'Brien            Jon Landry                                        35     1   2  2  
 2 Bretton Stamler          Patrick Wey                                       30     1   2  2  
 3 Ilari Melart             Joel Chouinard                                    22     1   2  2  
 4 Shane O'Brien            Mike Matczak                                      13     1   2  2  

PowerPlay Forward 
   Center                   Left Wing                Right Wing               Time % Phy DF OF 
 1 Warren Peters            Jason Zucker             Andrew Gordon            60     1   2  2  
 2 Danny Hobbs              Craig Cunningham         Cam Janssen              40     1   2  2  

PowerPlay Defense
   Defense                  Defense                                           Time % Phy DF OF 
 1 Shane O'Brien            Jon Landry                                        60     1   2  2  
 2 Joel Chouinard           Patrick Wey                                       40     1   2  2  

Penalty Kill 4 Players Forward 
   Center                   Wing                     Time % Phy DF OF 
 1 Andrew Gordon            Jason Zucker             60     1   2  2  
 2 Craig Cunningham         Colin Stuart             40     1   2  2  

Penalty Kill 4 Players Defense
   Defense                  Defense                  Time % Phy DF OF 
 1 Shane O'Brien            Jon Landry               60     1   2  2  
 2 Joel Chouinard           Patrick Wey              40     1   2  2  

Penalty Kill - 3 Players Forward 
   Forward                                           Time % Phy DF OF 
 1 Andrew Gordon                                     60     1   2  2  
 2 Jason Zucker                                      40     1   2  2  

Penalty Kill - 3 Players Defense
   Defense                  Defense                  Time % Phy DF OF 
 1 Shane O'Brien            Jon Landry               60     1   2  2  
 2 Joel Chouinard           Patrick Wey              40     1   2  2  

4 vs 4 Forward 
   Center                   Wing                     Time % Phy DF OF 
 1 Andrew Gordon            Jason Zucker             60     1   2  2  
 2 Craig Cunningham         Colin Stuart             40     1   2  2  

4 vs 4 Defense
   Defense                  Defense                  Time % Phy DF OF 
 1 Shane O'Brien            Jon Landry               60     1   2  2  
 2 Joel Chouinard           Patrick Wey              40     1   2  2  

Last Minutes Offensive
   Center                   Left Wing                Right Wing               Defense                  Defense                  
   Warren Peters            Jason Zucker             Andrew Gordon            Shane O'Brien            Jon Landry               

Last Minutes Defensive
   Center                   Left Wing                Right Wing               Defense                  Defense                  
   Warren Peters            Jason Zucker             Andrew Gordon            Shane O'Brien            Jon Landry               

Goaltenders
Starting : Harri Sateri             
Backup : David Leggio             

Extra Forwards
Normal : Matthew Pistilli, Scott Campbell, Jason Zucker - PP : Matthew Pistilli, Scott Campbell - PK : Cam Janssen
Extra Defensemen
Normal : Ilari Melart, Jon Landry, Mike Matczak - PP : Ilari Melart - PK : Ilari Melart, Mike Matczak
Penalty Shots
Andrew Gordon, Jason Zucker, Craig Cunningham, Colin Stuart, Warren Peters

% Time on Ice - Whale

Lines # - Real PCT - Wanted PCT - Time Play
Normal Forward
1 - 34% - 35% - 18:37
2 - 31% - 30% - 16:53
3 - 23% - 22% - 12:23
4 - 13% - 13% - 7:09
Normal Defense
1 - 34% - 35% - 18:46
2 - 33% - 30% - 17:57
3 - 26% - 22% - 14:11
4 - 8% - 13% - 4:08
PP Forward
1 - 0% - 60%
2 - 0% - 40%
PP Defense
1 - 0% - 60%
2 - 0% - 40%
PK Forward
1 - 87% - 60% - 4:18
2 - 13% - 40% - 0:40
PK Defense
1 - 76% - 60% - 3:47
2 - 24% - 40% - 1:11
PK3 Forward
1 - 0% - 60%
2 - 0% - 40%
PK3 Defense
1 - 0% - 60%
2 - 0% - 40%
44 Forward
1 - 0% - 60%
2 - 0% - 40%
44 Defense
1 - 0% - 60%
2 - 0% - 40%
Last Minute Offensive  - 0:00
Last Minute Defensive  - 0:00
Total
Forward - 60:00
Defense - 60:00

% Time on Ice - Aeros

Lines # - Real PCT - Wanted PCT - Time Play
Normal Forward
1 - 26% - 35% - 14:25
2 - 33% - 30% - 18:02
3 - 28% - 22% - 15:24
4 - 13% - 13% - 7:11
Normal Defense
1 - 30% - 35% - 16:20
2 - 33% - 30% - 18:20
3 - 25% - 22% - 14:01
4 - 12% - 13% - 6:21
PP Forward
1 - 53% - 60% - 2:37
2 - 47% - 40% - 2:21
PP Defense
1 - 69% - 60% - 3:26
2 - 31% - 40% - 1:32
PK Forward
1 - 0% - 60%
2 - 0% - 40%
PK Defense
1 - 0% - 60%
2 - 0% - 40%
PK3 Forward
1 - 0% - 60%
2 - 0% - 40%
PK3 Defense
1 - 0% - 60%
2 - 0% - 40%
44 Forward
1 - 0% - 60%
2 - 0% - 40%
44 Defense
1 - 0% - 60%
2 - 0% - 40%
Last Minute Offensive  - 0:00
Last Minute Defensive  - 0:00
Total
Forward - 60:00
Defense - 60:00

Play by Play

1st period


0:01 of 1st period - Jason Zucker wins face-off versus Colin Fraser in neutral zone.
0:53 of 1st period - Snap shot by Kelly Zajac.
0:53 of 1st period - Stopped by Harri Sateri with a rebound.
1:33 of 1st period - Wrist shot by Brendan Ranford.
1:33 of 1st period - Stopped by Harri Sateri without a rebound.
1:34 of 1st period - Danny Hobbs wins face-off versus Chris McKelvie in Aeros zone.
1:47 of 1st period - Snap shot by Matthew Pistilli.
1:47 of 1st period - Shot Misses the Net.
1:49 of 1st period - Slapshot by Colin Stuart.
1:49 of 1st period - Stopped by Dustin Tokarski without a rebound.
1:50 of 1st period - Scott Campbell wins face-off versus Radek Dvorak in Whale zone.
2:05 of 1st period - Snap shot by Scott Campbell.
2:05 of 1st period - Stopped by Dustin Tokarski without a rebound.
2:06 of 1st period - Mike Ullrich wins face-off versus Radek Dvorak in Whale zone.
2:55 of 1st period - Matthew Pistilli is hit by Taylor Chorney and loses puck.
3:02 of 1st period - Brendan Ranford is hit by Matthew Pistilli and loses puck.
3:09 of 1st period - Wrist shot by Colin Stuart.
3:09 of 1st period - Stopped by Dustin Tokarski with a rebound.
3:27 of 1st period - Danny Hobbs is hit by Mike Moore.
3:50 of 1st period - Jon Sim is hit by Mike Matczak and loses puck.
3:57 of 1st period - Snap shot by Craig Cunningham.
3:57 of 1st period - Shot Misses the Net.
3:59 of 1st period - Wrist shot by Alex Friesen.
3:59 of 1st period - Shot Misses the Net.
4:01 of 1st period - Snap shot by Alex Friesen.
4:01 of 1st period - Stopped by Dustin Tokarski with a rebound.
4:03 of 1st period - Snap shot by Alex Friesen.
4:03 of 1st period - Stopped by Dustin Tokarski with a rebound.
4:05 of 1st period - Slapshot by Patrick Wey.
4:05 of 1st period - Deflect By Jon Sim.
4:05 of 1st period - Stopped by Dustin Tokarski without a rebound.
4:06 of 1st period - Warren Peters wins face-off versus Colin Fraser in Whale zone.
4:19 of 1st period - Slapshot by Andrew Gordon.
4:19 of 1st period - Stopped by Dustin Tokarski without a rebound.
4:20 of 1st period - Warren Peters wins face-off versus Colin Fraser in Whale zone.
5:04 of 1st period - Cam Janssen and Mike Moore fight to a draw.
5:04 of 1st period - Penalty to Cam Janssen for Fighting.
5:04 of 1st period - Penalty to Mike Moore for Fighting.
5:05 of 1st period - Alex Friesen wins face-off versus Kelly Zajac in Aeros zone.
5:05 of 1st period - Alex Friesen is hit by Denis Grebeshkov.
5:13 of 1st period - Slapshot by Shane O'Brien.
5:13 of 1st period - Shot Blocked by Justin Falk.
5:15 of 1st period - Slapshot by Jon Landry.
5:15 of 1st period - Shot Blocked by Kelly Zajac.
5:17 of 1st period - Snap shot by Shane O'Brien.
5:17 of 1st period - Shot Blocked by Denis Grebeshkov.
5:19 of 1st period - Snap shot by Shane O'Brien.
5:19 of 1st period - Shot Misses the Net.
5:21 of 1st period - Backhand shot by Shane O'Brien.
5:21 of 1st period - Shot Blocked by Justin Falk.
5:23 of 1st period - Slapshot by Craig Cunningham.
5:23 of 1st period - Shot Misses the Net.
5:42 of 1st period - Snap shot by Mike Hedden.
5:42 of 1st period - Shot Blocked by Shane O'Brien.
5:50 of 1st period - Minor Penalty to Chris McKelvie for Interference.
5:51 of 1st period - Warren Peters wins face-off versus Radek Dvorak in Whale zone.
6:22 of 1st period - Snap shot by Andrew Gordon.
6:22 of 1st period - Shot Misses the Net.
6:24 of 1st period - Wrist shot by Warren Peters.
6:24 of 1st period - Stopped by Dustin Tokarski without a rebound.
6:25 of 1st period - Danny Hobbs wins face-off versus Radek Dvorak in Whale zone.
6:42 of 1st period - Slapshot by Shane O'Brien.
6:42 of 1st period - Stopped by Dustin Tokarski with a rebound.
6:44 of 1st period - Slapshot by Craig Cunningham.
6:44 of 1st period - Shot Misses the Net.
6:50 of 1st period - Slapshot by Shane O'Brien.
6:50 of 1st period - Goal by Shane O'Brien - Whale : 0 - Aeros : 1.
6:51 of 1st period - Chris McKelvie wins face-off versus Jason Zucker in neutral zone.
6:53 of 1st period - Off-side.
6:54 of 1st period - Chris McKelvie wins face-off versus Jason Zucker in neutral zone.
6:57 of 1st period - Slapshot by Dallas Jackson.
6:57 of 1st period - Shot Blocked by Ilari Melart.
7:19 of 1st period - Snap shot by Jason Zucker.
7:19 of 1st period - Stopped by Dustin Tokarski with a rebound.
7:27 of 1st period - Slapshot by Dallas Jackson.
7:27 of 1st period - Shot Blocked by Ilari Melart.
7:29 of 1st period - Snap shot by Dallas Jackson.
7:29 of 1st period - Stopped by Harri Sateri without a rebound.
7:30 of 1st period - Danny Hobbs wins face-off versus Colin Fraser in Aeros zone.
7:32 of 1st period - Matthew Pistilli beats up Justin Falk.
7:32 of 1st period - Penalty to Matthew Pistilli for Fighting.
7:32 of 1st period - Penalty to Justin Falk for Fighting.
7:33 of 1st period - Colin Fraser wins face-off versus Warren Peters in neutral zone.
7:36 of 1st period - Jon Landry is hit by Colin Fraser.
8:00 of 1st period - Snap shot by Jason Zucker.
8:00 of 1st period - Stopped by Dustin Tokarski with a rebound.
8:02 of 1st period - Wrist shot by Andrew Gordon.
8:02 of 1st period - Shot Misses the Net.
8:04 of 1st period - Slapshot by Shane O'Brien.
8:04 of 1st period - Stopped by Dustin Tokarski with a rebound.
8:06 of 1st period - Snap shot by Andrew Gordon.
8:06 of 1st period - Deflect By Warren Peters.
8:06 of 1st period - Shot Blocked by Denis Grebeshkov.
8:06 of 1st period - Puck is out of play.
8:07 of 1st period - Kelly Zajac wins face-off versus Danny Hobbs in Whale zone.
8:15 of 1st period - Slapshot by Dallas Jackson.
8:15 of 1st period - Shot Blocked by Bretton Stamler.
8:17 of 1st period - Snap shot by Kelly Zajac.
8:17 of 1st period - Stopped by Harri Sateri without a rebound.
8:18 of 1st period - Kelly Zajac wins face-off versus Danny Hobbs in Aeros zone.
8:25 of 1st period - Snap shot by Mike Hedden.
8:25 of 1st period - Stopped by Harri Sateri without a rebound.
8:26 of 1st period - Kelly Zajac wins face-off versus Danny Hobbs in Aeros zone.
8:37 of 1st period - Backhand shot by Mike Hedden.
8:37 of 1st period - Deflect By Kelly Zajac.
8:37 of 1st period - Shot Misses the Net.
8:37 of 1st period - Puck is out of play.
8:38 of 1st period - Alex Friesen wins face-off versus Colin Fraser in Aeros zone.
8:47 of 1st period - Slapshot by Shane O'Brien.
8:47 of 1st period - Stopped by Dustin Tokarski with a rebound.
8:49 of 1st period - Slapshot by Craig Cunningham.
8:49 of 1st period - Shot Blocked by Denis Grebeshkov.
8:51 of 1st period - Slapshot by Shane O'Brien.
8:51 of 1st period - Shot Misses the Net.
8:53 of 1st period - Wrist shot by Shane O'Brien.
8:53 of 1st period - Deflect By Craig Cunningham.
8:53 of 1st period - Stopped by Dustin Tokarski without a rebound.
8:54 of 1st period - Alex Friesen wins face-off versus Colin Fraser in Whale zone.
9:10 of 1st period - Off-side.
9:11 of 1st period - Warren Peters wins face-off versus Kelly Zajac in neutral zone.
9:14 of 1st period - Taylor Chorney is hit by Bretton Stamler.
9:18 of 1st period - Kelly Zajac is hit by Jason Zucker and loses puck.
9:49 of 1st period - Taylor Chorney is hit by Jason Zucker and loses puck.
10:18 of 1st period - Colin Fraser is hit by Danny Hobbs and loses puck.
10:36 of 1st period - Ilari Melart and Nick Tarnasky fight to a draw.
10:36 of 1st period - Penalty to Ilari Melart for Fighting.
10:36 of 1st period - Penalty to Nick Tarnasky for Fighting.
10:37 of 1st period - Alex Friesen wins face-off versus Radek Dvorak in neutral zone.
10:45 of 1st period - Slapshot by Shane O'Brien.
10:45 of 1st period - Stopped by Dustin Tokarski with a rebound.
11:04 of 1st period - Cam Janssen beats up Jay Rosehill.
11:04 of 1st period - Penalty to Cam Janssen for Fighting.
11:04 of 1st period - Penalty to Jay Rosehill for Fighting.
11:04 of 1st period - Penalty to Jay Rosehill for instigated a fight.
11:04 of 1st period - Penalty to Jay Rosehill for instigated a fight.
11:05 of 1st period - Warren Peters wins face-off versus Radek Dvorak in Aeros zone.
11:20 of 1st period - Snap shot by Andrew Gordon.
11:20 of 1st period - Stopped by Dustin Tokarski with a rebound.
11:22 of 1st period - Slapshot by Shane O'Brien.
11:22 of 1st period - Stopped by Dustin Tokarski without a rebound.
11:23 of 1st period - Warren Peters wins face-off versus Radek Dvorak in Whale zone.
11:40 of 1st period - Snap shot by Jason Zucker.
11:40 of 1st period - Stopped by Dustin Tokarski without a rebound.
11:41 of 1st period - Radek Dvorak wins face-off versus Danny Hobbs in Whale zone.
11:56 of 1st period - Slapshot by Shane O'Brien.
11:56 of 1st period - Stopped by Dustin Tokarski with a rebound.
11:58 of 1st period - Wrist shot by Danny Hobbs.
11:58 of 1st period - Deflect By Craig Cunningham.
11:58 of 1st period - Shot Misses the Net.
11:58 of 1st period - Puck is out of play.
11:59 of 1st period - Danny Hobbs wins face-off versus Colin Fraser in Whale zone.
12:32 of 1st period - Penalty to Justin Falk is over, Justin Falk is back on ice.
12:35 of 1st period - Jon Landry is hit by Mike Hedden.
12:55 of 1st period - Warren Peters is hit by Mike Moore and loses puck.
13:04 of 1st period - Penalty to Jay Rosehill is over, Radek Dvorak is send on ice.
13:18 of 1st period - Snap shot by Andrew Gordon.
13:18 of 1st period - Shot Misses the Net.
13:57 of 1st period - Denis Grebeshkov is hit by Matthew Pistilli and loses puck.
15:31 of 1st period - Snap shot by Colin Fraser.
15:31 of 1st period - Shot Misses the Net.
15:33 of 1st period - Snap shot by Radek Dvorak.
15:33 of 1st period - Stopped by Harri Sateri without a rebound.
15:34 of 1st period - Colin Fraser wins face-off versus Danny Hobbs in Aeros zone.
16:15 of 1st period - Alex Friesen is hit by Colin Fraser and loses puck.
16:28 of 1st period - Wrist shot by Derek Nesbitt.
16:28 of 1st period - Shot Misses the Net.
16:30 of 1st period - Slapshot by Mike Moore.
16:30 of 1st period - Shot Misses the Net.
16:32 of 1st period - Slapshot by Brent Regner.
16:32 of 1st period - Shot Misses the Net.
16:44 of 1st period - Cam Janssen is hit by Brent Regner and loses puck.
16:51 of 1st period - Wrist shot by Mike Hedden.
16:51 of 1st period - Shot Misses the Net.
17:07 of 1st period - Snap shot by Nick Tarnasky.
17:07 of 1st period - Shot Misses the Net.
17:09 of 1st period - Slapshot by Denis Grebeshkov.
17:09 of 1st period - Shot Blocked by Shane O'Brien.
18:00 of 1st period - Scott Campbell is hit by Derek Nesbitt and loses puck.
18:15 of 1st period - Wrist shot by Andrew Gordon.
18:15 of 1st period - Stopped by Dustin Tokarski with a rebound.
18:17 of 1st period - Slapshot by Andrew Gordon.
18:17 of 1st period - Shot Misses the Net.
18:19 of 1st period - Slapshot by Ilari Melart.
18:19 of 1st period - Shot Blocked by Colin Fraser.
18:21 of 1st period - Wrist shot by Mike Ullrich.
18:21 of 1st period - Shot Misses the Net.
19:17 of 1st period - Snap shot by Andrew Gordon.
19:17 of 1st period - Shot Hit the Post.
19:46 of 1st period - Snap shot by Mike Hedden.
19:46 of 1st period - Shot Misses the Net.
Goals for this period are 0 for Whale vs 1 for Aeros.
Shots for this period are 6 for Whale vs 21 for Aeros.

2nd period


0:01 of 2nd period - Colin Fraser wins face-off versus Warren Peters in neutral zone.
0:03 of 2nd period - Off-side.
0:04 of 2nd period - Colin Fraser wins face-off versus Warren Peters in neutral zone.
0:51 of 2nd period - Off-side.
0:52 of 2nd period - Chris McKelvie wins face-off versus Alex Friesen in neutral zone.
1:01 of 2nd period - Slapshot by Brendan Ranford.
1:01 of 2nd period - Stopped by Harri Sateri with a rebound.
1:20 of 2nd period - Ilari Melart and Mike Moore fight to a draw.
1:20 of 2nd period - Penalty to Ilari Melart for Fighting.
1:20 of 2nd period - Penalty to Mike Moore for Fighting.
1:21 of 2nd period - Kelly Zajac wins face-off versus Warren Peters in Aeros zone.
1:59 of 2nd period - Wrist shot by Jon Sim.
1:59 of 2nd period - Stopped by Harri Sateri without a rebound.
2:00 of 2nd period - Danny Hobbs wins face-off versus Radek Dvorak in Aeros zone.
2:53 of 2nd period - Alex Friesen is hit by Taylor Chorney and loses puck.
3:06 of 2nd period - Alex Friesen is hit by Brendan Ranford and loses puck.
3:13 of 2nd period - Slapshot by Shane O'Brien.
3:13 of 2nd period - Shot Blocked by Taylor Chorney.
3:15 of 2nd period - Wrist shot by Cam Janssen.
3:15 of 2nd period - Stopped by Dustin Tokarski without a rebound.
3:16 of 2nd period - Warren Peters wins face-off versus Kelly Zajac in Whale zone.
3:36 of 2nd period - Jon Sim is hit by Jon Landry and loses puck.
3:49 of 2nd period - Slapshot by Jason Zucker.
3:49 of 2nd period - Shot Misses the Net.
3:51 of 2nd period - Slapshot by Patrick Wey.
3:51 of 2nd period - Shot Blocked by Kelly Zajac.
3:53 of 2nd period - Snap shot by Patrick Wey.
3:53 of 2nd period - Shot Blocked by Mike Hedden.
4:25 of 2nd period - Denis Grebeshkov is hit by Bretton Stamler and loses puck.
4:42 of 2nd period - Snap shot by Craig Cunningham.
4:42 of 2nd period - Stopped by Dustin Tokarski without a rebound.
4:43 of 2nd period - Colin Fraser wins face-off versus Alex Friesen in Whale zone.
4:43 of 2nd period - Colin Fraser is hit by Shane O'Brien.
5:11 of 2nd period - Wrist shot by Shane O'Brien.
5:11 of 2nd period - Stopped by Dustin Tokarski with a rebound.
5:17 of 2nd period - Shane O'Brien is hit by Radek Dvorak and loses puck.
5:46 of 2nd period - Slapshot by Taylor Chorney.
5:46 of 2nd period - Shot Blocked by Scott Campbell.
5:48 of 2nd period - Snap shot by Brendan Ranford.
5:48 of 2nd period - Deflect By Mike Ullrich.
5:48 of 2nd period - Shot Blocked by Jon Landry.
5:48 of 2nd period - Puck is out of play.
5:49 of 2nd period - Warren Peters wins face-off versus Radek Dvorak in Aeros zone.
5:56 of 2nd period - Radek Dvorak is hit by Andrew Gordon and loses puck.
6:04 of 2nd period - 10 Minutes Misconduct Penalty to Jay Rosehill is over.
7:02 of 2nd period - Kelly Zajac is hit by Jon Landry and loses puck.
7:31 of 2nd period - Slapshot by Justin Falk.
7:31 of 2nd period - Stopped by Harri Sateri with a rebound.
7:33 of 2nd period - Wrist shot by Chris McKelvie.
7:33 of 2nd period - Stopped by Harri Sateri with a rebound.
7:55 of 2nd period - Wrist shot by Cam Janssen.
7:55 of 2nd period - Stopped by Dustin Tokarski without a rebound.
7:56 of 2nd period - Colin Fraser wins face-off versus Alex Friesen in Whale zone.
8:18 of 2nd period - Snap shot by Cam Janssen.
8:18 of 2nd period - Shot Blocked by Radek Dvorak.
9:17 of 2nd period - Slapshot by Jon Sim.
9:17 of 2nd period - Goal by Jon Sim - Whale : 1 - Aeros : 1.
9:18 of 2nd period - Alex Friesen wins face-off versus Kelly Zajac in neutral zone.
9:27 of 2nd period - Wrist shot by Cam Janssen.
9:27 of 2nd period - Shot Misses the Net.
9:29 of 2nd period - Snap shot by Craig Cunningham.
9:29 of 2nd period - Shot Misses the Net.
9:41 of 2nd period - Slapshot by Cam Janssen.
9:41 of 2nd period - Deflect By Alex Friesen.
9:41 of 2nd period - Shot Misses the Net.
9:41 of 2nd period - Puck is out of play.
9:42 of 2nd period - Chris McKelvie wins face-off versus Mike Ullrich in Whale zone.
9:59 of 2nd period - Wrist shot by Andrew Gordon.
9:59 of 2nd period - Shot Misses the Net.
10:01 of 2nd period - Wrist shot by Scott Campbell.
10:01 of 2nd period - Stopped by Dustin Tokarski without a rebound.
10:02 of 2nd period - Mike Ullrich wins face-off versus Chris McKelvie in Whale zone.
11:00 of 2nd period - Off-side.
11:01 of 2nd period - Colin Fraser wins face-off versus Alex Friesen in neutral zone.
11:18 of 2nd period - Snap shot by Cam Janssen.
11:18 of 2nd period - Shot Misses the Net.
11:20 of 2nd period - Slapshot by Ilari Melart.
11:20 of 2nd period - Shot Blocked by Colin Fraser.
11:20 of 2nd period - Colin Fraser from Whale is injured at 11:20 of 2nd period (Left Leg).
11:21 of 2nd period - Nick Tarnasky wins face-off versus Warren Peters in Whale zone.
11:28 of 2nd period - Warren Peters is hit by Justin Falk and loses puck.
11:37 of 2nd period - Denis Grebeshkov is hit by Jason Zucker.
12:19 of 2nd period - Wrist shot by Cam Janssen.
12:19 of 2nd period - Goal by Cam Janssen - Whale : 1 - Aeros : 2.
12:20 of 2nd period - Kelly Zajac wins face-off versus Alex Friesen in neutral zone.
13:22 of 2nd period - James Livingston is hit by Mike Ullrich and loses puck.
13:35 of 2nd period - Wrist shot by Brendan Ranford.
13:35 of 2nd period - Shot Misses the Net.
13:37 of 2nd period - Snap shot by Brendan Ranford.
13:37 of 2nd period - Shot Misses the Net.
13:51 of 2nd period - Snap shot by Jay Rosehill.
13:51 of 2nd period - Stopped by Harri Sateri without a rebound.
13:52 of 2nd period - Danny Hobbs wins face-off versus Radek Dvorak in Aeros zone.
14:41 of 2nd period - Slapshot by Justin Falk.
14:41 of 2nd period - Shot Blocked by Craig Cunningham.
15:05 of 2nd period - Wrist shot by Brendan Ranford.
15:05 of 2nd period - Shot Blocked by Ilari Melart.
15:39 of 2nd period - Minor Penalty to Jay Rosehill for Hooking.
15:40 of 2nd period - Radek Dvorak wins face-off versus Warren Peters in Whale zone.
16:15 of 2nd period - Wrist shot by Andrew Gordon.
16:15 of 2nd period - Stopped by Dustin Tokarski with a rebound.
16:35 of 2nd period - Mike Hedden is hit by Danny Hobbs and loses puck.
16:56 of 2nd period - Snap shot by Mike Hedden.
16:56 of 2nd period - Shot Blocked by Patrick Wey.
17:04 of 2nd period - Snap shot by Radek Dvorak.
17:04 of 2nd period - Deflect By Warren Peters.
17:04 of 2nd period - Shot Misses the Net.
17:04 of 2nd period - Puck is out of play.
17:05 of 2nd period - Danny Hobbs wins face-off versus Radek Dvorak in Aeros zone.
17:09 of 2nd period - Off-side.
17:10 of 2nd period - Craig Cunningham wins face-off versus Radek Dvorak in neutral zone.
17:15 of 2nd period - Dallas Jackson is hit by Cam Janssen and loses puck.
17:26 of 2nd period - Craig Cunningham is hit by Dallas Jackson and loses puck.
17:39 of 2nd period - Penalty to Jay Rosehill is over, Jay Rosehill is back on ice.
17:52 of 2nd period - Icing by Jason Zucker.
17:53 of 2nd period - Chris McKelvie wins face-off versus Jason Zucker in Aeros zone.
18:06 of 2nd period - James Livingston is hit by Patrick Wey and loses puck.
18:43 of 2nd period - Snap shot by Colin Stuart.
18:43 of 2nd period - Shot Misses the Net.
19:07 of 2nd period - Slapshot by Jon Sim.
19:07 of 2nd period - Shot Misses the Net.
19:09 of 2nd period - Wrist shot by Kelly Zajac.
19:09 of 2nd period - Stopped by Harri Sateri with a rebound.
19:11 of 2nd period - Slapshot by Taylor Chorney.
19:11 of 2nd period - Shot Misses the Net.
19:26 of 2nd period - Penalty Shot by Andrew Gordon for Aeros.
19:26 of 2nd period - Deke by Andrew Gordon.
19:26 of 2nd period - Goal by Andrew Gordon - Whale : 1 - Aeros : 3.
19:27 of 2nd period - Danny Hobbs wins face-off versus Brendan Ranford in neutral zone.
19:28 of 2nd period - Danny Hobbs wins face-off versus Brendan Ranford in Aeros zone.
19:35 of 2nd period - Snap shot by Radek Dvorak.
19:35 of 2nd period - Deflect By Shane O'Brien.
19:35 of 2nd period - Shot Misses the Net.
19:35 of 2nd period - Puck is out of play.
19:36 of 2nd period - Brendan Ranford wins face-off versus Danny Hobbs in Aeros zone.
19:47 of 2nd period - Snap shot by Nick Tarnasky.
19:47 of 2nd period - Shot Blocked by Jon Landry.
19:49 of 2nd period - Slapshot by Taylor Chorney.
19:49 of 2nd period - Shot Blocked by Matthew Pistilli.
19:51 of 2nd period - Slapshot by Taylor Chorney.
19:51 of 2nd period - Shot Misses the Net.
Goals for this period are 1 for Whale vs 2 for Aeros.
Shots for this period are 7 for Whale vs 7 for Aeros.

3rd period


0:01 of 3rd period - Warren Peters wins face-off versus Nick Tarnasky in neutral zone.
0:04 of 3rd period - Slapshot by Jason Zucker.
0:04 of 3rd period - Stopped by Dustin Tokarski with a rebound.
0:16 of 3rd period - Wrist shot by Andrew Gordon.
0:16 of 3rd period - Deflect By Jason Zucker.
0:16 of 3rd period - Shot Blocked by Justin Falk.
0:16 of 3rd period - Puck is out of play.
0:17 of 3rd period - Warren Peters wins face-off versus Brendan Ranford in Whale zone.
1:42 of 3rd period - Backhand shot by Colin Stuart.
1:42 of 3rd period - Deflect By Danny Hobbs.
1:42 of 3rd period - Stopped by Dustin Tokarski with a rebound.
1:44 of 3rd period - Slapshot by Colin Stuart.
1:44 of 3rd period - Stopped by Dustin Tokarski with a rebound.
1:46 of 3rd period - Snap shot by Danny Hobbs.
1:46 of 3rd period - Stopped by Dustin Tokarski without a rebound.
1:47 of 3rd period - Danny Hobbs wins face-off versus Kelly Zajac in Whale zone.
3:11 of 3rd period - Andrew Gordon is hit by Dallas Jackson and loses puck.
3:57 of 3rd period - Snap shot by Jon Sim.
3:57 of 3rd period - Shot Misses the Net.
4:07 of 3rd period - Justin Falk is hit by Cam Janssen and loses puck.
4:31 of 3rd period - Matthew Pistilli beats up Nick Tarnasky.
4:31 of 3rd period - Penalty to Matthew Pistilli for Fighting.
4:31 of 3rd period - Penalty to Nick Tarnasky for Fighting.
4:32 of 3rd period - Warren Peters wins face-off versus Kelly Zajac in Aeros zone.
5:23 of 3rd period - Chris McKelvie is hit by Danny Hobbs and loses puck.
5:34 of 3rd period - Snap shot by Colin Stuart.
5:34 of 3rd period - Shot Misses the Net.
5:36 of 3rd period - Slapshot by Shane O'Brien.
5:36 of 3rd period - Stopped by Dustin Tokarski with a rebound.
5:38 of 3rd period - Slapshot by Colin Stuart.
5:38 of 3rd period - Shot Misses the Net.
5:40 of 3rd period - Wrist shot by Colin Stuart.
5:40 of 3rd period - Shot Misses the Net.
5:42 of 3rd period - Wrist shot by Danny Hobbs.
5:42 of 3rd period - Deflect By Colin Stuart.
5:42 of 3rd period - Stopped by Dustin Tokarski without a rebound.
5:43 of 3rd period - Alex Friesen wins face-off versus Jay Rosehill in Whale zone.
6:30 of 3rd period - Warren Peters is hit by Derek Nesbitt and loses puck.
7:19 of 3rd period - Snap shot by Jay Rosehill.
7:19 of 3rd period - Stopped by Harri Sateri without a rebound.
7:20 of 3rd period - Danny Hobbs wins face-off versus Jay Rosehill in Aeros zone.
7:51 of 3rd period - Snap shot by Danny Hobbs.
7:51 of 3rd period - Shot Misses the Net.
8:01 of 3rd period - Cam Janssen is hit by James Livingston and loses puck.
8:26 of 3rd period - Wrist shot by Craig Cunningham.
8:26 of 3rd period - Deflect By Cam Janssen.
8:26 of 3rd period - Shot Misses the Net.
8:26 of 3rd period - Puck is out of play.
8:27 of 3rd period - Chris McKelvie wins face-off versus Warren Peters in Whale zone.
8:29 of 3rd period - Icing by Mike Hedden.
8:30 of 3rd period - Chris McKelvie wins face-off versus Warren Peters in Whale zone.
8:48 of 3rd period - Icing by Justin Falk.
8:49 of 3rd period - Chris McKelvie wins face-off versus Danny Hobbs in Whale zone.
9:26 of 3rd period - Off-side.
9:27 of 3rd period - Warren Peters wins face-off versus Kelly Zajac in neutral zone.
10:39 of 3rd period - Snap shot by Craig Cunningham.
10:39 of 3rd period - Shot Misses the Net.
10:41 of 3rd period - Wrist shot by Craig Cunningham.
10:41 of 3rd period - Shot Misses the Net.
10:43 of 3rd period - Wrist shot by Alex Friesen.
10:43 of 3rd period - Shot Misses the Net.
10:45 of 3rd period - Snap shot by Cam Janssen.
10:45 of 3rd period - Shot Misses the Net.
10:49 of 3rd period - Snap shot by Cam Janssen.
10:49 of 3rd period - Stopped by Dustin Tokarski with a rebound.
10:51 of 3rd period - Wrist shot by Craig Cunningham.
10:51 of 3rd period - Shot Blocked by Mike Moore.
11:07 of 3rd period - Snap shot by Shane O'Brien.
11:07 of 3rd period - Stopped by Dustin Tokarski without a rebound.
11:08 of 3rd period - Kelly Zajac wins face-off versus Danny Hobbs in Whale zone.
11:19 of 3rd period - Wrist shot by Jon Sim.
11:19 of 3rd period - Shot Blocked by Jon Landry.
12:03 of 3rd period - Andrew Gordon is hit by Radek Dvorak and loses puck.
12:10 of 3rd period - Radek Dvorak is hit by Scott Campbell and loses puck.
13:03 of 3rd period - Snap shot by Chris McKelvie.
13:03 of 3rd period - Shot Misses the Net.
13:05 of 3rd period - Slapshot by Brent Regner.
13:05 of 3rd period - Stopped by Harri Sateri with a rebound.
13:23 of 3rd period - Chris McKelvie is hit by Bretton Stamler and loses puck.
13:46 of 3rd period - Slapshot by Justin Falk.
13:46 of 3rd period - Stopped by Harri Sateri without a rebound.
13:47 of 3rd period - Chris McKelvie wins face-off versus Danny Hobbs in Aeros zone.
13:50 of 3rd period - Wrist shot by Nick Tarnasky.
13:50 of 3rd period - Stopped by Harri Sateri with a rebound.
14:53 of 3rd period - Wrist shot by Cam Janssen.
14:53 of 3rd period - Shot Blocked by Dallas Jackson.
14:55 of 3rd period - Snap shot by Alex Friesen.
14:55 of 3rd period - Shot Blocked by Dallas Jackson.
15:17 of 3rd period - Snap shot by Jay Rosehill.
15:17 of 3rd period - Stopped by Harri Sateri with a rebound.
15:19 of 3rd period - Snap shot by Taylor Chorney.
15:19 of 3rd period - Shot Misses the Net.
15:21 of 3rd period - Slapshot by Dallas Jackson.
15:21 of 3rd period - Shot Misses the Net.
15:23 of 3rd period - Slapshot by Taylor Chorney.
15:23 of 3rd period - Stopped by Harri Sateri without a rebound.
15:24 of 3rd period - Jay Rosehill wins face-off versus Danny Hobbs in Aeros zone.
15:25 of 3rd period - Wrist shot by Brendan Ranford.
15:25 of 3rd period - Stopped by Harri Sateri with a rebound.
15:35 of 3rd period - Slapshot by Shane O'Brien.
15:35 of 3rd period - Stopped by Dustin Tokarski without a rebound.
15:35 of 3rd period - Jay Rosehill beats up Matthew Pistilli.
15:35 of 3rd period - Penalty to Matthew Pistilli for Fighting.
15:35 of 3rd period - Matthew Pistilli is ejected from game.
15:35 of 3rd period - Penalty to Jay Rosehill for Fighting.
15:36 of 3rd period - Radek Dvorak wins face-off versus Cam Janssen in Whale zone.
15:47 of 3rd period - Snap shot by Brendan Ranford.
15:47 of 3rd period - Shot Misses the Net.
16:03 of 3rd period - Snap shot by Craig Cunningham.
16:03 of 3rd period - Shot Misses the Net.
16:05 of 3rd period - Snap shot by Cam Janssen.
16:05 of 3rd period - Stopped by Dustin Tokarski without a rebound.
16:06 of 3rd period - Danny Hobbs wins face-off versus Kelly Zajac in Whale zone.
16:35 of 3rd period - Slapshot by Jon Sim.
16:35 of 3rd period - Shot Blocked by Bretton Stamler.
16:37 of 3rd period - Slapshot by Dallas Jackson.
16:37 of 3rd period - Shot Blocked by Patrick Wey.
16:39 of 3rd period - Snap shot by Jon Sim.
16:39 of 3rd period - Shot Misses the Net.
16:47 of 3rd period - Major Penalty to Colin Stuart for Kneeing.
16:48 of 3rd period - Warren Peters wins face-off versus Chris McKelvie in Aeros zone.
16:55 of 3rd period - Wrist shot by Chris McKelvie.
16:55 of 3rd period - Shot Blocked by Andrew Gordon.
16:57 of 3rd period - Slapshot by Justin Falk.
16:57 of 3rd period - Shot Blocked by Shane O'Brien.
17:07 of 3rd period - Wrist shot by Brendan Ranford.
17:07 of 3rd period - Shot Misses the Net.
17:09 of 3rd period - Backhand shot by Justin Falk.
17:09 of 3rd period - Shot Hit the Post.
17:11 of 3rd period - Wrist shot by Brendan Ranford.
17:11 of 3rd period - Stopped by Harri Sateri with a rebound.
17:23 of 3rd period - Snap shot by Brendan Ranford.
17:23 of 3rd period - Shot Blocked by Shane O'Brien.
17:25 of 3rd period - Wrist shot by Justin Falk.
17:25 of 3rd period - Stopped by Harri Sateri without a rebound.
17:26 of 3rd period - Alex Friesen wins face-off versus Brendan Ranford in Aeros zone.
17:44 of 3rd period - Icing by Dallas Jackson.
17:45 of 3rd period - Brendan Ranford wins face-off versus Alex Friesen in Whale zone.
17:45 of 3rd period - Brendan Ranford is hit by Craig Cunningham.
18:27 of 3rd period - Slapshot by Jon Sim.
18:27 of 3rd period - Shot Misses the Net.
18:29 of 3rd period - Slapshot by Justin Falk.
18:29 of 3rd period - Stopped by Harri Sateri with a rebound.
18:31 of 3rd period - Slapshot by Denis Grebeshkov.
18:31 of 3rd period - Shot Misses the Net.
18:33 of 3rd period - Snap shot by Jon Sim.
18:33 of 3rd period - Shot Misses the Net.
18:35 of 3rd period - Wrist shot by Jon Sim.
18:35 of 3rd period - Stopped by Harri Sateri with a rebound.
18:37 of 3rd period - Wrist shot by Jon Sim.
18:37 of 3rd period - Shot Misses the Net.
18:39 of 3rd period - Wrist shot by Justin Falk.
18:39 of 3rd period - Stopped by Harri Sateri with a rebound.
18:41 of 3rd period - Snap shot by Kelly Zajac.
18:41 of 3rd period - Shot Blocked by Andrew Gordon.
18:43 of 3rd period - Snap shot by Kelly Zajac.
18:43 of 3rd period - Stopped by Harri Sateri without a rebound.
18:44 of 3rd period - Danny Hobbs wins face-off versus Derek Nesbitt in Aeros zone.
18:44 of 3rd period - Danny Hobbs is hit by Derek Nesbitt.
19:06 of 3rd period - Snap shot by Radek Dvorak.
19:06 of 3rd period - Stopped by Harri Sateri with a rebound.
Goals for this period are 0 for Whale vs 0 for Aeros.
Shots for this period are 14 for Whale vs 10 for Aeros.


Output by the SimonT Hockey Simulator (STHS) for Eric Dolegowski -- Original Page W3C XHTML 1.0 Valid
Hockey Simulator - Hockey Simulation - Hockey Manager